 Dungeon Crawl Stone Soup version 0.17-a0-1636-g3119f2b (webtiles) character file.

89 karlkraus the Insei (level 4, 0/31 HPs)
             Began as an Octopode Monk on Aug 6, 2015.
             Slain by a hobgoblin (3 damage)
             ... on level 3 of the Dungeon.
             The game lasted 00:03:04 (1176 turns).

karlkraus the Insei (Octopode Monk)                 Turns: 1176, Time: 00:03:04

Health: 0/31       AC:  1    Str: 10    XL:     4   Next: 55%
Magic:  4/4        EV: 14    Int: 12    God:
Gold:   42         SH:  0    Dex: 15    Spells: 0 memorised, 3 levels left

rFire  . . .     SeeInvis .       - Unarmed
rCold  . . .     Clarity  .     (no shield)
rNeg   . . .     SustAt   .     (helmet restricted)
rPois  .         Gourm    .     (no amulet)
rElec  .         Spirit   .     (no ring)
rCorr  .         Warding  .     (no ring)
rMut   .         Stasis   .     (no ring)
MR     .....                    (no ring)
Stlth  ++++......               (no ring)
                                (no ring)
                                (no ring)
                                (no ring)

@: very slightly contaminated, invisible, not resistant to hostile enchantments,
stealthy
A: almost no armour, amphibious, 8 rings, constrict 8, camouflage 1, gelatinous
body 1
a: no special abilities


You were on level 3 of the Dungeon.
You were hungry.

You visited 1 branch of the dungeon, and saw 3 of its levels.

You collected 42 gold pieces.

Inventory:

Jewellery
 b - an uncursed ring of magical power {unknown}
Scrolls
 f - a scroll of identify {unknown}
 h - a scroll of noise {unknown}
 j - a scroll of fear {unknown}
 k - a scroll of immolation {unknown}
Potions
 d - a potion of magic {unknown}
 e - a potion of brilliance {unknown}
 g - 2 potions of curing {unknown}
Comestibles
 a - 4 bread rations
 i - a beef jerky


   Skills:
 + Level 3.5 Fighting
 + Level 3.6 Dodging
 + Level 3.6 Stealth
 + Level 4.7 Unarmed Combat


You had 3 spell levels left.
You didn't know any spells.

Dungeon Overview and Level Annotations

Branches:
Dungeon (3/15)

Altars:
Sif Muna
Yredelemnul
Zin


Innate Abilities, Weirdness & Mutations

You cannot wear most types of armour.
You are amphibious.
You can wear up to eight rings at the same time.
You can use your tentacles to constrict eight enemies at once.
Your skin changes colour to match your surroundings (Stealth).
Your rubbery body absorbs attacks (AC +1).


Message History

You squeeze the orc, but do no damage.
The orc is severely wounded.
The orc throws a stone.
The stone barely misses the hobgoblin.
The stone barely misses you. The hobgoblin closely misses you.
You barely miss the orc. You grab the orc.
The orc is severely wounded.
You constrict the orc.
You kill the orc!
The orc throws a stone.
The stone hits the hobgoblin.
The hobgoblin barely misses you.
You tentacle-slap the hobgoblin but do no damage.
Your grab misses the hobgoblin.
The hobgoblin is severely wounded.
The hobgoblin closely misses you.
You tentacle-slap the hobgoblin but do no damage.
Your grab misses the hobgoblin.
You tentacle-slap the hobgoblin, but do no damage.
The hobgoblin is severely wounded.
The orc throws a stone.
The stone closely misses you. The hobgoblin hits you.
You die...

##### ##...##
##.....##
##<......##
#.........#
##.......##
#......####
#.#.....@g##
#.##)####.(##
.. ._...#
##)o######.>..
.#.#..#
##..#.....!..
.. #. ##.(.# .
#. #...)......
.......##....
.........# ..
...........#


You could see an orc and a hobgoblin.

Vanquished Creatures
  Terence (D:2)
  2 adders (D:2)
  A worm (D:2)
  A giant gecko (D:2)
  4 orcs (D:3)
  A ball python (D:2)
  8 bats
  A giant cockroach (D:2)
  3 hobgoblins
  7 giant newts
  2 gnoll zombies (D:2)
  3 goblins
  3 kobolds
  3 rats
40 creatures vanquished.

Notes
Turn   | Place    | Note
--------------------------------------------------------------
     0 | D:1      | karlkraus the Octopode Monk began the quest for the Orb.
     0 | D:1      | Reached XP level 1. HP: 16/16 MP: 1/1
   158 | D:1      | Reached XP level 2. HP: 21/21 MP: 2/2
   634 | D:2      | Noticed Terence
   638 | D:2      | Killed Terence
   638 | D:2      | Reached XP level 3. HP: 22/26 MP: 3/3
   739 | D:2      | Found a deep blue altar of Sif Muna.
   803 | D:2      | Found a basalt altar of Yredelemnul.
   997 | D:2      | Reached XP level 4. HP: 25/31 MP: 4/4
  1127 | D:3      | Found a glowing silver altar of Zin.
  1176 | D:3      | Slain by a hobgoblin

Vault maps used:
D:1:      roderic_chinese_lattice_arrival, minmay_misc_feat_nine_boxes
D:2:      led_sif_pool, lemuel_zombie_altar_yredelemnul, first_bread,
          uniq_terence
D:3:      makhleb_heckhound_becter, lemuel_crystal_altar, lemuel_crystal_altar

Action                   |  1- 3 |  4- 6 || total
-------------------------+-------+-------++-------
Melee: Unarmed           |    62 |    31 ||    93
  Use: Potion            |       |     1 ||     1
 Stab: Sleeping          |     9 |     1 ||    10
       Invisible         |       |     1 ||     1
